 Dungeon Crawl Stone Soup version 0.23.2 (webtiles) character file.

Game seed: 11194618067662280175

339 Menchi the Cutter (level 6, -1/39 HPs)
             Began as a Halfling Hunter on Apr 9, 2019.
             Was a Believer of Nemelex Xobeh.
             Slain by an orc priest
             ... wielding a +0 trident
              (4 damage)
             ... on level 4 of the Dungeon.
             The game lasted 00:10:03 (3251 turns).

Menchi the Cutter (Halfling Hunter)                 Turns: 3251, Time: 00:10:04

Health: -1/39      AC:  6    Str: 13    XL:     6   Next: 86%
Magic:  6/6        EV: 16    Int:  9    God:    Nemelex Xobeh [**....]
Gold:   191        SH:  0    Dex: 17    Spells: 5/5 levels left

rFire    . . .     SeeInvis .   e - +2 dagger (freeze)
rCold    . . .     Gourm    .   (shield restricted)
rNeg     . . .     Faith    .   c - +0 leather armour
rPois    .         Spirit   .   (no helmet)
rElec    .         Reflect  .   k - +2 cloak
rCorr    .         Harm     .   (no gloves)
MR       .....                  (no boots)
Stlth    ++........             (no amulet)
HPRegen  0.13/turn              (no ring)
MPRegen  0.10/turn              (no ring)

@: no status effects
A: small, mutation resistance 1
a: Draw Escape, Draw Destruction, Draw Summoning, Renounce Religion


You were on level 4 of the Dungeon.
You worshipped Nemelex Xobeh.
Nemelex Xobeh was pleased with you.
You were hungry.

You visited 1 branch of the dungeon, and saw 4 of its levels.

You collected 191 gold pieces.

Inventory:

Hand Weapons
 a - a +1 hand crossbow
 b - a +0 short sword
 e - a +2 dagger of freezing (weapon)
 g - a +0 dagger of venom
Missiles
 d - 86 bolts
Armour
 c - a +0 leather armour (worn)
 k - a +2 cloak (worn)
Jewellery
 i - an uncursed amulet of the acrobat {unknown}
Scrolls
 h - 4 scrolls of identify
 o - 2 scrolls of remove curse {unknown}
 q - 3 scrolls of fog {unknown}
 s - 2 scrolls of amnesia {unknown}
 t - a scroll of blinking {unknown}
 u - a scroll of magic mapping {unknown}
Potions
 j - a potion of mutation
 l - a potion of curing
 m - a potion of haste {unknown}
 n - a potion of flight {unknown}
 p - 2 potions of heal wounds {unknown}
 r - a potion of brilliance {unknown}
Comestibles
 f - 12 rations


   Skills:
 - Level 1.8 Fighting
 * Level 5.4 Short Blades
 - Level 4.3 Crossbows
 - Level 0.2 Armour
 * Level 3.9 Dodging
 * Level 3.7 Stealth


You had 5 spell levels left.
You didn't know any spells.
Your spell library was empty.

Dungeon Overview and Level Annotations

Branches:
Dungeon (4/15)
 Temple: D:4-7

Altars:
Dithmenos
Gozag
Makhleb
Nemelex Xobeh
Okawaru

Shops:
D:4 =


Innate Abilities, Weirdness & Mutations

You are small and have problems with some larger weapons.
You are somewhat resistant to further mutation.


Message History

Things that are here:
a +0 hand axe; a cursed +0 leather armour You hit the orc priest but do no damage.
The orc priest closely misses you.
You completely miss the orc priest.
The orc priest hits you with a +0 trident.
You are too injured to fight recklessly!
You are too injured to fight recklessly!
You are too injured to fight recklessly!
You hit the orc priest but do no damage.
The orc priest calls down the wrath of Beogh upon you.
Beogh smites you!
* * * LOW HITPOINT WARNING * * *
You hit the orc priest but do no damage.
The orc priest miscasts a cantrip.
You hit the orc priest. You freeze the orc priest.
The orc priest is heavily wounded.
The orc priest hits you with a +0 trident.
You die...
Your body glows slightly and disappears.

##....# # #
##.....####
#.#####.......##.
#................
### #..............
..######...........
.o# ##...........
#o# ##............
#@# #.....).......
#)###.............
#..#..............
###................
#..................
#...................
###.........)....)..
#.................
..................


You could see 2 orc priests.

Vanquished Creatures
  A scorpion (D:4)
  A crimson imp (D:3)
  An orc priest (D:3)
  An orc wizard (D:3)
  Jessica (D:2)
  A worker ant (D:4)
  An adder (D:2)
  An ooze (D:3)
  A worm (D:3)
  3 dart slugs
  A leopard gecko (D:2)
  12 orcs
  7 bats
  3 giant cockroaches
  4 goblins
  8 hobgoblins
  2 jackals (D:1)
  A quokka (D:2)
  A ball python (D:4)
  2 frilled lizards (D:1)
  A jackal skeleton (D:4)
  8 kobolds
  9 rats
71 creatures vanquished.

Vanquished Creatures (collateral kills)
  An orc priest (D:4)
  3 gnolls (D:4)
  8 orcs (D:4)
12 creatures vanquished.

Grand Total: 83 creatures vanquished

Notes
Turn   | Place    | Note
-------+----------+-------------------------------------------
     0 | D:1      | Menchi the Halfling Hunter began the quest for the Orb.
     0 | D:1      | Reached XP level 1. HP: 14/14 MP: 1/1
   435 | D:1      | Reached XP level 2. HP: 18/19 MP: 2/2
   504 | D:1      | Reached skill level 1 in Short Blades
   969 | D:2      | Reached XP level 3. HP: 24/24 MP: 3/3
  1036 | D:2      | Found a shadowy altar of Dithmenos.
  1085 | D:2      | Reached skill level 2 in Short Blades
  1447 | D:2      | Reached XP level 4. HP: 29/29 MP: 4/4
  1556 | D:2      | Found a sparkling altar of Nemelex Xobeh.
  1569 | D:2      | Found a burning altar of Makhleb.
  1595 | D:2      | Became a worshipper of Nemelex Xobeh the Trickster
  1664 | D:2      | Found an opulent altar of Gozag.
  1728 | D:2      | Found an iron altar of Okawaru.
  1739 | D:2      | Noticed Jessica
  1751 | D:2      | Killed Jessica
  1751 | D:2      | Reached skill level 3 in Short Blades
  1875 | D:3      | Reached XP level 5. HP: 34/34 MP: 5/5
  1983 | D:3      | Received a gift from Nemelex Xobeh
  2130 | D:3      | Reached skill level 4 in Short Blades
  2136 | D:3      | Reached XP level 6. HP: 12/39 MP: 6/6
  2686 | D:4      | Reached * piety under Nemelex Xobeh
  2724 | D:4      | Reached skill level 5 in Short Blades
  2925 | D:4      | Found Ahofevuwk's Jewellery Shop.
  3219 | D:4      | Reached ** piety under Nemelex Xobeh
  3251 | D:4      | Slain by an orc priest

Skill      XL: |  1  2  3  4  5  6 |
---------------+-------------------+-----
Short Blades   | 1 2 3 4 5 |  5.4
Stealth        | 2 3 |  3.7
Dodging        | 3 |  3.9
Fighting       | |  1.8
Crossbows      | |  4.3
Armour         | |  0.2

Action                   |  1- 3 |  4- 6 || total
-------------------------+-------+-------++-------
Melee: Dagger            |    97 |   206 ||   303
 Abil: Draw Summoning    |       |     1 ||     1
  Use: Potion            |       |     3 ||     3
       Scroll            |       |     1 ||     1
 Stab: Sleeping          |     6 |     5 ||    11
  Eat: Chunk             |     2 |     5 ||     7
Armor: Leather armour    |    15 |    35 ||    50
       Skin              |       |    10 ||    10
Dodge: Dodged            |    58 |   121 ||   179
